 Dungeon Crawl Stone Soup version 0.30-a0-956-gcec3b41aec (webtiles) character file.

Game seed: 11067599788834084496

1456 sircluck the Slasher (level 8, -6/64 HPs)
             Began as a Gnoll Reaver on Mar 29, 2023.
             Was an Initiate of Elyvilon.
             Killed from afar by an orc wizard (8 damage)
             ... with a magic dart
             ... on level 6 of the Dungeon.
             The game lasted 00:17:34 (5614 turns).

sircluck the Slasher (Gnoll Reaver)                 Turns: 5614, Time: 00:17:35

Health: -6/64      AC: 12    Str: 14    XL:     8   Next: 76%
Magic:  17/17      EV: 10    Int: 19    God:    Elyvilon [......]
Gold:   229        SH:  8    Dex: 10    Spells: 18/19 levels left

rFire   x . .      SeeInvis .    k - +6 whip (protect)
rCold   . . .      Faith    .    x - +0 kite shield
rNeg    . . .      Spirit   .    v - +1 ring mail "Kas Kett" {+Inv rElec rC- Int+6}
rPois   .          Reflect  .    (no helmet)
rElec   +          Rampage  .    (no cloak)
rCorr   .                        (no gloves)
Will    .....                    w - +0 pair of boots
Stlth   ++                       (no amulet)
HPRegen 0.30/turn                l - +4 ring of protection
MPRegen 0.15/turn                s - ring of ice

@: no status effects
A: fangs 1, strong nose, distributed training
a: Renounce Religion, Evoke Invisibility


You were on level 6 of the Dungeon.
You worshipped Elyvilon.
Elyvilon was noncommittal.
You visited 1 branch of the dungeon, and saw 6 of its levels.

You collected 229 gold pieces.

Inventory:

Hand Weapons
 a - a +0 falchion
 k - a +6 whip of protection (weapon)
 u - a +1 dagger of freezing
 E - a +2 halberd of freezing
Missiles
 i - 5 boomerangs (quivered)
 n - 26 stones
 t - a throwing net
Armour
 b - a +0 leather armour
 q - an orb of guile
 v - the +1 ring mail "Kas Kett" (worn) {+Inv rElec rC- Int+6}
   (You found it on level 6 of the Dungeon)

   Int:       It affects your intelligence (+6).
   rC:        It makes you vulnerable to cold.
   rElec:     It insulates you from electricity.
   +Inv:      It lets you turn invisible.
 w - a +0 pair of boots (worn)
 x - a +0 kite shield (worn)
 y - a +0 ring mail
Jewellery
 l - a +4 ring of protection (left hand)
 s - a ring of ice (right hand)
 z - a +6 ring of strength
Scrolls
 c - 6 scrolls of identify
 d - 4 scrolls of poison
 h - 3 scrolls of enchant armour
 o - 3 scrolls of noise
Potions
 e - a potion of brilliance
 g - a potion of mutation {unknown}
 j - a potion of curing {unknown}
 m - 3 potions of attraction {unknown}
 p - a potion of cancellation {unknown}
 B - 2 potions of might {unknown}
 D - a potion of degeneration {unknown}


   Skills:
 + Level 5.9 Fighting
 + Level 3.7 Short Blades
 + Level 7.6 Long Blades
 + Level 3.7 Axes
 + Level 3.7 Maces & Flails
 + Level 3.7 Polearms
 + Level 3.7 Staves
 + Level 3.7 Ranged Weapons
 + Level 3.7 Throwing
 + Level 3.7 Armour
 + Level 5.9 Dodging
 + Level 3.7 Stealth
 + Level 3.7 Shields
 + Level 3.7 Unarmed Combat
 + Level 6.3 Spellcasting
 + Level 6.3 Conjurations
 + Level 3.0 Hexes
 + Level 3.0 Summonings
 + Level 3.0 Necromancy
 + Level 3.0 Translocations
 + Level 3.0 Transmutations
 + Level 3.0 Fire Magic
 + Level 3.0 Ice Magic
 + Level 3.0 Air Magic
 + Level 3.0 Earth Magic
 + Level 3.0 Poison Magic
 + Level 4.0 Invocations
 + Level 3.7 Evocations


You had 18 spell levels left.
You knew the following spells:

 Your Spells              Type           Power      Damage    Failure   Level
a - Kiss of Death         Conj/Necr      92%        2d12      10%         1

Your spell library contained the following spells:

 Spells                   Type           Power      Damage    Failure   Level
 Foxfire                  Conj/Fire      92%        2x1d5     10%         1
 Momentum Strike          Conj/Tloc      46%        3d9       14%         2
 Static Discharge         Conj/Air       46%        2-4/arc   14%         2
 Beastly Appendage        Tmut           34%        N/A       19%         1
 Summon Small Mammal      Summ           68%        N/A       19%         1
 Wereblood                Tmut           17%        N/A       28%         2
 Hailstorm                Conj/Ice       35%        3d9       28%         3
 Call Canine Familiar     Summ           17%        N/A       50%         3
 Spider Form              Tmut/Pois      17%        N/A       50%         3
 Summon Guardian Golem    Hex/Summ       17%        N/A       50%         3
 Vhi's Electric Charge    Tloc/Air       34%        N/A       50%         3
 Arcjolt                  Conj/Air       11%        1d21      95%         5
 Fireball                 Conj/Fire      11%        3d7       95%         5
 Plasma Beam              Fire/Air       8%         2x1d14    99%         5
 Starburst                Conj/Fire      11%        6d5       100%        6


Dungeon Overview and Level Annotations

Branches:
Dungeon (6/15)             Temple (0/1) D:5

Altars:
Elyvilon
Gozag
Sif Muna
Uskayaw
Zin
The Shining One

Shops:
D:2 (


Innate Abilities, Weirdness & Mutations

You have very sharp teeth.
Your uncanny sense of smell can sniff out nearby items.
Your experience applies equally to all skills.


Message History

The puff of flame hits the orc warrior.
You kill the orc warrior!
Your Hexes skill increases to level 3!
Your Summonings skill increases to level 3!
Your Necromancy skill increases to level 3!
Your Translocations skill increases to level 3!
Your Transmutations skill increases to level 3!
Your Fire Magic skill increases to level 3!
Your Ice Magic skill increases to level 3!
Your Air Magic skill increases to level 3!
Your Earth Magic skill increases to level 3!
Your Poison Magic skill increases to level 3!
Aiming: Throw Flame
Press: ? - help, Q - select action, (/) - cycle Shift-Dir - straight line The puff of flame hits something!
The now-empty wand crumbles to dust.
Something hits you but does no damage.
You closely miss something. Something hits you.
* * * LOW HITPOINT WARNING * * *
The orc throws a boomerang.
The boomerang misses you. Something hits you but does no damage.
A scorpion comes into view.
You block something's attack.
The orc throws a boomerang.
You block the boomerang.
You hit something.
Your weapon exudes an aura of protection.
Your bite misses something. You block something's attack.
The orc throws a boomerang.
The boomerang closely misses you. Something hits you but does no damage.
You closely miss something. Something hits you.
* * * LOW HITPOINT WARNING * * *
The orc throws a boomerang.
The boomerang hits you but does no damage.
Something hits you but does no damage.
The orc throws a boomerang.
The boomerang barely misses you. Something hits you.
Elyvilon protects you from harm!
The orc throws a boomerang.
You block the boomerang.
A magic dart appears from out of thin air!
The magic dart hits you!
You die...

..........# #...########.# ##
#....#....# #....)....##.# .
#....#....####...#####.##.#.#
#..#####.........# #....#:##
.....#...........# #o#.....#
#.##.#..#........# #.#.....#.#
#.##......####...#####o........#
#.......#### #....{....#.##s.>..
####.......# #..@#.#####.# .##..
####..####.# #...#.......# #
...#..####.###...#########
.#....#.........##
###...#.##.########
.#....#...........#
...#.......##..##.#
#######..####..##.#
#...........#


You could see an orc.

Vanquished Creatures
  A steam dragon (D:6)
  A water moccasin (D:6)
  2 ice beasts
  An orc warrior (D:6)
  A black bear (D:5)
  An ogre (D:6)
  A centaur (D:5)
  A phantom (D:3)
  2 scorpions (D:5)
  A gnoll sergeant (D:6)
  A jelly (D:5)
  A gnoll bouda (D:6)
  An orc priest (D:5)
  2 sleepcaps
  An orc wizard (D:5)
  14 gnolls
  3 adders
  2 white imps (D:6)
  4 ufetubi
  A worm (D:4)
  A dart slug (D:1)
  8 orcs
  6 ball pythons
  10 endoplasms
  3 giant cockroaches
  5 goblins
  8 hobgoblins
  5 jackals
  4 kobolds
  3 quokkas
  7 bats
  5 frilled lizards
  6 rats
113 creatures vanquished.

Notes
Turn   | Place    | Note
-------+----------+-------------------------------------------
     0 | D:1      | sircluck the Gnoll Reaver began the quest for the Orb.
     0 | D:1      | Reached XP level 1. HP: 20/20 MP: 6/6
   128 | D:1      | Reached XP level 2. HP: 26/26 MP: 7/7
   357 | D:1      | Reached skill level 5 in Spellcasting
   357 | D:1      | Reached XP level 3. HP: 24/31 MP: 7/9
   571 | D:1      | Reached skill level 1 in Invocations
   907 | D:2      | Found Yjuubeew's Antique Weapon Boutique.
  1125 | D:2      | Reached skill level 1 in Short Blades
  1125 | D:2      | Reached skill level 1 in Axes
  1125 | D:2      | Reached skill level 1 in Maces & Flails
  1125 | D:2      | Reached skill level 1 in Polearms
  1125 | D:2      | Reached skill level 1 in Staves
  1125 | D:2      | Reached skill level 1 in Ranged Weapons
  1125 | D:2      | Reached skill level 1 in Throwing
  1125 | D:2      | Reached skill level 1 in Armour
  1125 | D:2      | Reached skill level 1 in Stealth
  1125 | D:2      | Reached skill level 1 in Shields
  1125 | D:2      | Reached skill level 1 in Unarmed Combat
  1125 | D:2      | Reached skill level 1 in Evocations
  1557 | D:2      | Reached XP level 4. HP: 30/38 MP: 11/11
  1572 | D:3      | Reached skill level 1 in Hexes
  1572 | D:3      | Reached skill level 1 in Summonings
  1572 | D:3      | Reached skill level 1 in Necromancy
  1572 | D:3      | Reached skill level 1 in Translocations
  1572 | D:3      | Reached skill level 1 in Transmutations
  1572 | D:3      | Reached skill level 1 in Fire Magic
  1572 | D:3      | Reached skill level 1 in Ice Magic
  1572 | D:3      | Reached skill level 1 in Air Magic
  1572 | D:3      | Reached skill level 1 in Earth Magic
  1572 | D:3      | Reached skill level 1 in Poison Magic
  1843 | D:3      | Reached XP level 5. HP: 30/43 MP: 12/12
  2089 | D:3      | Found a shimmering blue altar of Sif Muna.
  2447 | D:3      | Found a faded altar of an unknown god.
  2508 | D:3      | Noticed a phantom
  2524 | D:3      | Killed a phantom
  2697 | D:4      | Found a hide-covered altar of Uskayaw.
  2813 | D:4      | Reached XP level 6. HP: 36/50 MP: 13/13
  3092 | D:4      | Reached skill level 5 in Fighting
  3092 | D:4      | Reached skill level 5 in Dodging
  3270 | D:4      | Found an opulent altar of Gozag.
  3358 | D:5      | Entered Level 5 of the Dungeon
  3670 | D:5      | Noticed a black bear
  3676 | D:5      | Killed a black bear
  3677 | D:5      | Reached skill level 7 in Long Blades
  3677 | D:5      | Reached XP level 7. HP: 39/48 MP: 12/15
  3830 | D:5      | Found a staircase to the Ecumenical Temple.
  4191 | D:6      | Identified the +1 ring mail "Kas Kett" {+Inv rElec rC-
                  | Int+6}
  4350 | D:6      | Reached XP level 8. HP: 24/51 MP: 16/16
  4800 | D:6      | Found a glowing silver altar of Zin.
  4801 | D:6      | Found a white marble altar of Elyvilon.
  4802 | D:6      | Found a glowing golden altar of the Shining One.
  4862 | D:6      | Became a worshipper of Elyvilon the Healer
  5594 | D:6      | HP: 1/64 [orc warrior/+0 battleaxe (10)]
  5600 | D:6      | HP: 1/64 [something (2)]
  5610 | D:6      | HP: 1/64 [something (3)]
  5613 | D:6      | Elyvilon protects you from harm!
  5614 | D:6      | Killed from afar by an orc wizard

Illustrated notes

Levels and vault maps discovered:
D:1:      amcnicky_arrival_feature_with_door, layout_basic
D:2:      layout_loops_ring, serial_shops, nicolae_shop_statue_plus
D:3:      layout_basic, lemuel_blue_sif_altar, shapermc_ecumenical_altar_petra,
          minivault_5, minivault_24, kennysheep_cluttered_room
D:4:      cheibrodos_quashed, layout_basic, eat_drink_and_be_merry_uskayaw,
          kennysheep_mini
D:5:      layout_rooms, minmay_temple_entry_statues
D:6:      layout_loops_cross, good_gods_temple_1, uniq_maggie

Skill      XL: |  1  2  3  4  5  6  7  8 |
---------------+-------------------------+-----
Spellcasting   | 5 6 |  6.3
Invocations    | 1 2 3 4 |  4.0
Short Blades   | 1 2 3 |  3.7
Axes           | 1 2 3 |  3.7
Maces & Flails | 1 2 3 |  3.7
Polearms       | 1 2 3 |  3.7
Staves         | 1 2 3 |  3.7
Ranged Weapons | 1 2 3 |  3.7
Throwing       | 1 2 3 |  3.7
Armour         | 1 2 3 |  3.7
Stealth        | 1 2 3 |  3.7
Shields        | 1 2 3 |  3.7
Unarmed Combat | 1 2 3 |  3.7
Evocations     | 1 2 3 |  3.7
Hexes          | 1 2 3 |  3.0
Summonings     | 1 2 3 |  3.0
Necromancy     | 1 2 3 |  3.0
Translocations | 1 2 3 |  3.0
Transmutations | 1 2 3 |  3.0
Fire Magic     | 1 2 3 |  3.0
Ice Magic      | 1 2 3 |  3.0
Air Magic      | 1 2 3 |  3.0
Earth Magic    | 1 2 3 |  3.0
Poison Magic   | 1 2 3 |  3.0
Fighting       | 5 |  5.9
Dodging        | 5 |  5.9
Long Blades    | 7 |  7.6
Conjurations   | 6 |  6.3

Action                     |  1- 3 |  4- 6 |  7- 9 || total
---------------------------+-------+-------+-------++-------
  Melee: Falchion          |   125 |    18 |       ||   143
         Bite              |    10 |    15 |    30 ||    55
         Whip              |       |   143 |   220 ||   363
         Punch             |       |     3 |     3 ||     6
  Throw: Boomerang         |       |       |    16 ||    16
   Cast: Kiss of Death     |       |     2 |     2 ||     4
  Evoke: Wand              |       |       |     5 ||     5
    Use: Scroll            |       |     7 |     3 ||    10
         Potion            |       |     1 |     1 ||     2
   Stab: Sleeping          |       |     2 |       ||     2
 Armour: Leather armour    |    43 |    46 |    16 ||   105
         Ring mail         |       |       |    81 ||    81
  Dodge: Dodged            |    76 |   103 |   145 ||   324
  Block: Kite shield       |       |       |    65 ||    65

Table legend: (Time is in decaauts)
 A = Elapsed time spent in this place.
 B = Non-inter-level travel time spent in this place.
 C = Inter-level travel time spent in this place.
 D = Time resting spent in this place.
 E = Time spent auto-exploring this place.
 F = Levels seen in this place.
 G = Mean time per level.
                   A        B        C        D        E       F      G
               +--------+--------+--------+--------+--------+-----+--------+
         Total |   5635 |   5496 |    139 |    527 |   3718 |   6 |  939.2 |
       Dungeon |   5635 |   5496 |    139 |    527 |   3718 |   6 |  939.2 |
               +--------+--------+--------+--------+--------+-----+--------+

Top non-repeatable levels by time:
     D:6: 1462 daAuts
     D:3: 1066 daAuts
     D:1: 905 daAuts
     D:5: 815 daAuts
     D:4: 734 daAuts
     D:2: 651 daAuts
